 Dungeon Crawl Stone Soup version 0.21-a0-221-gfe971b9 (webtiles) character file.

475 tidbits the Grave Robber (level 6, -7/45 HPs)
             Began as a Draconian Wanderer on Aug 26, 2017.
             Shot with an arrow by a centaur (9 damage)
             ... on level 5 of the Dungeon.
             The game lasted 00:19:32 (1611 turns).

tidbits the Grave Robber (Draconian Wanderer)       Turns: 1611, Time: 00:19:33

Health: -7/45      AC: 10    Str: 15    XL:     6   Next: 84%
Magic:  0/10       EV: 11    Int: 17    God:
Gold:   155        SH:  0    Dex:  9    Spells: 2/11 levels left

rFire    + . .     SeeInvis .   a - +0 dagger
rCold    + . .     Gourm    .   (no shield)
rNeg     . . .     Faith    .   (armour unavailable)
rPois    +         Spirit   +   E - +2 hat
rElec    +         Reflect  .   (no cloak)
rCorr    +         Harm     .   G - +1 pair of gloves
MR       +....                  (no boots)
Stlth    +.........             p - amulet of guardian spirit
HPRegen  0.15/turn              h - ring of flight
MPRegen  0.12/turn              w - ring of resist corrosion

@: resistant, flying
A: unfitting armour, clever 1, magic resistance 1, screaming 1, cold-blooded, AC
+6
a: no special abilities


You were on level 5 of the Dungeon.
You were hungry.

You visited 1 branch of the dungeon, and saw 6 of its levels.

You collected 155 gold pieces.

Inventory:

Hand Weapons
 a - a +0 dagger (weapon)
 b - a +3 hunting sling
 d - a +0 club
Missiles
 o - 14 arrows
 v - 4 curare-tipped needles
Armour
 E - a +2 hat (worn)
 G - a +1 pair of gloves (worn)
Magical Staves
 y - an uncursed staff of death
   (You found it on level 4 of the Dungeon)
Jewellery
 h - a ring of flight (left hand)
   (You found it on level 2 of the Dungeon)
 p - an amulet of guardian spirit (around neck)
   (You found it on level 3 of the Dungeon)
 w - a ring of resist corrosion (right hand)
   (You found it on level 2 of the Dungeon)
Wands
 i - a wand of disintegration (0/24)
Scrolls
 s - a scroll of amnesia {unknown}
 z - a scroll of blinking {unknown}
 A - a scroll of remove curse {unknown}
Potions
 g - a potion of heal wounds
 m - 2 potions of haste
 r - a potion of agility
Books
 c - Sif Muna's Guide on Good Luck

   Spells                             Type                      Level
   a - Infusion                       Charms                       1
   b - Spectral Weapon                Hexes/Charms                 3
 e - a book of Necromancy

   Spells                             Type                      Level
   a - Pain                           Necromancy                   1
   b - Animate Skeleton               Necromancy                   1
   c - Vampiric Draining              Necromancy                   3
   d - Regeneration                   Charms/Necromancy            3
   e - Animate Dead                   Necromancy                   4
   f - Control Undead                 Necromancy                   4
 l - a book of Misfortune
   (You found it on level 6 of the Dungeon)

   Spells                             Type                      Level
   a - Confusing Touch                Hexes                        1
   b - Confuse                        Hexes                        3
   c - Gell's Gravitas                Translocation                3
   d - Petrify                        Transmutation/Earth          4
   e - Metabolic Englaciation         Hexes/Ice                    5
   f - Yara's Violent Unravelling     Hexes/Transmutation          5
Comestibles
 f - 3 bread rations
 k - a meat ration


   Skills:
 - Level 1.0 Throwing
 - Level 3.0 Spellcasting
 - Level 1.0 Charms
 + Level 7.2 Necromancy
   Level 2.0 Translocations
   Level 1.0 Air Magic
 - Level 1.0 Evocations


You had 2 spell levels left.
You knew the following spells:

 Your Spells              Type           Power        Failure   Level  Hunger
i - Infusion              Chrm           #...         12%         1    None
n - Animate Skeleton      Necr           N/A          1%          1    None
r - Regeneration          Chrm/Necr      ###.......   10%         3    ###....
v - Vampiric Draining     Necr           ####......   2%          3    ###....
z - Pain                  Necr           ####         1%          1    None


Dungeon Overview and Level Annotations

Branches:
Dungeon (6/15)             Temple (0/1) D:5

Altars:


Innate Abilities, Weirdness & Mutations

Your plain brown scales are hard. (AC +6)
You cannot fit into any form of body armour.
You are cold-blooded and may be slowed by cold attacks.
Your mind is acute. (Int +2)
You are resistant to hostile enchantments. (MR+)
You occasionally shout uncontrollably at your foes.


Message History

An orc priest comes into view.
A bullfrog comes into view.
The centaur shouts!
The centaur wields a glowing shortbow.
It is covered in frost.
The centaur shoots an arrow.
The arrow hits you but does no damage.
You see here an arrow.
The bullfrog gives a loud, deep croak!
There is a stone staircase leading up here.
The orc hits you.
* * * LOW HITPOINT WARNING * * *
You climb upwards.
There is a stone staircase leading down here.
You hit the orc but do no damage.
Your tail-slap misses the orc.
The orc hits you.
* * * LOW HITPOINT WARNING * * *
You hit the orc but do no damage. The orc hits you but does no damage.
You hit the orc but do no damage. The orc hits you but does no damage.
You hit the orc but do no damage.
Your tail-slap misses the orc.
The orc barely misses you.
You hit the orc but do no damage. The orc misses you.
You hit the orc. You tail-slap the orc.
The orc is moderately wounded.
The orc closely misses you.
You hit the orc.
The orc is heavily wounded.
The orc barely misses you.
You hit the orc.
The orc is severely wounded.
The orc misses you.
You hit the orc but do no damage.
The orc is severely wounded.
The orc barely misses you.
You hit the orc but do no damage.
The orc is severely wounded.
The orc hits you but does no damage.
You closely miss the orc.
The orc is severely wounded.
The orc misses you.
You hit the orc but do no damage.
The orc is severely wounded.
The orc barely misses you.
You hit the orc.
The orc is severely wounded.
The orc misses you.
You barely miss the orc.
The orc is severely wounded.
The orc hits you but does no damage.
You hit the orc but do no damage.
Your tail-slap misses the orc.
The orc is severely wounded.
The orc barely misses you.
You hit the orc but do no damage.
The orc is severely wounded.
The orc barely misses you.
An orc comes into view.
The orc misses you. The orc hits you.
* * * LOW HITPOINT WARNING * * *
You see here 18 stones.
The orc completely misses you.
You open the door. The orc hits you.
* * * LOW HITPOINT WARNING * * *
Found a spear.
There is an open door here.
You feel a little less agile now.
You open the door. The orc closely misses you.
There is an open door here.
You open the door. The orc closely misses you.
A centaur comes into view.
The centaur shouts!
The centaur wields a shortbow.
The centaur shoots an arrow.
The arrow hits you!
* * * LOW HITPOINT WARNING * * *
The centaur shoots an arrow.
The arrow misses you.
There is an open door here.
You see here an arrow.
It was a potion of curing.
You feel better.
The centaur shoots an arrow.
The arrow hits you!
* * * LOW HITPOINT WARNING * * *
It was a potion of mutation.
You feel extremely strange.
You feel the urge to shout.
You feel resistant to hostile enchantments.
You feel clever.
The centaur shoots an arrow.
The arrow barely misses you. The orc hits you but does no damage.
The orc hits you.
* * * LOW HITPOINT WARNING * * *
It was a potion of flight.
You feel very buoyant.
You fly up into the air.
The centaur shoots an arrow.
The arrow hits you!
* * * LOW HITPOINT WARNING * * *
The orc closely misses you. The orc hits you but does no damage.
The centaur shoots an arrow.
The arrow completely misses you.
It was a potion of resistance.
You feel protected. The orc closely misses you.
The orc hits you but does no damage.
Okay, then.
Okay, then.
As you read the scroll labeled REATAO CENOSEFE, it crumbles to dust.
You feel aware of your surroundings.
You sensed 1 altar.
It was a scroll of magic mapping.
The centaur shoots an arrow.
The arrow hits you!
You die...

*,,,,*,,,*,,,,,*,,,,,,*,,*,,,,...
*,,,,***********,.....##**,,,,,..
,,,,,,,,,<,,,,,,,.......,,,,,***#
,,,,,,,,,,,,,,,,,.......,,,,,* #
,,,,,,,,,,,,,,,,,.......,,,,,* #
,,,,,,,,,,,,,,,,,.......,,,,,***#
*,,,,,,,#########.....#*+*,,,,,,,
*,,,,,,,+......(#.....#,,*,,,,,,,
*,,,,,,,#......o@.....#,,+,,,,,,,
*,,,,,,,######.o#.....#*+*,,,,,,,
,,,,##+##....#..#.......,,,******
,,,,#...#....#..#....c..,,,*,,,,,
,,,,#...#.......#.......,,,*...,,
,,,,#...'..##+###.......,,,*....*
,,,,#...#.##*,***.....##****....#
,,,,#...#.#*,,,**.....#,,,,,.....
#####...#.#*,>,**,,,,,+.,,,,,....


You could see a centaur and 2 orcs.

Vanquished Creatures
  A phantom (D:5)
  An ice beast (D:4)
  A hound (D:5)
  An orc priest (D:4)
  Jessica (D:2)
  Terence (D:2)
  An orc wizard (D:4)
  A worker ant (D:4)
  A killer bee zombie (D:5)
  A hound skeleton (D:4)
  2 adders
  2 worms (D:2)
  2 dart slugs (D:1)
  3 leopard geckos
  3 orcs (D:4)
  2 ball pythons
  5 giant cockroaches
  8 goblins
  8 hobgoblins
  2 jackals (D:5)
  7 bats
  6 frilled lizards
  5 kobolds
  6 rats (D:2)
71 creatures vanquished.

Notes
Turn   | Place    | Note
-------+----------+-------------------------------------------
     0 | D:1      | tidbits the Draconian Wanderer began the quest for the Orb.
     0 | D:1      | tidbits set off with: a book of Necromancy, a potion of lignification, Sif Muna's Guide on Good Luck, a +0 club, a bread ration
     0 | D:1      | Reached XP level 1. HP: 14/14 MP: 4/4
     2 | D:1      | Identified Sif Muna's Guide on Good Luck
     4 | D:1      | Learned a level 1 spell: Pain
     6 | D:1      | Learned a level 1 spell: Animate Skeleton
    76 | D:2      | Reached skill level 2 in Necromancy
    98 | D:2      | Reached XP level 2. HP: 7/20 MP: 0/6
   129 | D:2      | Found a faded altar of an unknown god.
   167 | D:2      | Learned a level 1 spell: Infusion
   226 | D:2      | Noticed Terence
   229 | D:2      | Killed Terence
   229 | D:2      | Reached skill level 3 in Necromancy
   229 | D:2      | Reached XP level 3. HP: 10/26 MP: 5/7
   234 | D:2      | Learned a level 3 spell: Vampiric Draining
   600 | D:1      | Reached XP level 4. HP: 9/33 MP: 1/8
   632 | D:1      | Reached skill level 4 in Necromancy
   677 | D:2      | Noticed Jessica
   687 | D:2      | Killed Jessica
  1056 | D:4      | Learned a level 3 spell: Regeneration
  1066 | D:4      | Reached skill level 5 in Necromancy
  1066 | D:4      | Reached XP level 5. HP: 29/38 MP: 1/9
  1291 | D:5      | Entered Level 5 of the Dungeon
  1399 | D:4      | Noticed an ice beast
  1407 | D:4      | Killed an ice beast
  1407 | D:4      | Reached skill level 6 in Necromancy
  1407 | D:4      | Reached XP level 6. HP: 32/45 MP: 1/10
  1508 | D:5      | Reached skill level 7 in Necromancy
  1608 | D:5      | Gained mutation: You occasionally shout uncontrollably at your foes. [potion of mutation]
  1608 | D:5      | Gained mutation: You are resistant to hostile enchantments. (MR+) [potion of mutation]
  1608 | D:5      | Gained mutation: Your mind is acute. (Int +2) [potion of mutation]
  1609 | D:5      | HP: 2/45 [centaur/arrow (10)]
  1611 | D:5      | Shot with an arrow by a centaur

Vault maps used:
D:1:      moated_graveyard_arrival, minivault_25
D:2:      chequers_ecumenical_altar_simple_redux, minmay_tromino_v4_c,
          uniq_terence, uniq_jessica
D:3:      bloody_trog, st_stairs_10, uniq_crazy_yiuf_cottage
D:4:      first_bread, kennysheep_generic_room_13
D:5:      black_bear_nest_2, minmay_temple_entry_enclosed_plants,
          vehumet_altar_wand_db, uniq_pikel
D:6:      serial_bayou, serial_bayou_crossing, serial_bayou_ford_a,
          serial_bayou_pond_a, serial_bayou_pond_e

Skill      XL: |  1  2  3  4  5  6 |
---------------+-------------------+-----
Necromancy     | 2 3 5 6 7 |  7.2
Throwing       | |  1.0
Spellcasting   | |  3.0
Charms         | |  1.0
Translocations | |  2.0
Air Magic      | |  1.0
Evocations     | |  1.0

Action                   |  1- 3 |  4- 6 || total
-------------------------+-------+-------++-------
Melee: Club              |     8 |       ||     8
       Dagger            |    44 |    51 ||    95
       Tailslap          |     4 |     5 ||     9
       Unarmed           |       |     6 ||     6
 Fire: Hunting sling     |       |    92 ||    92
Throw: Tomahawk          |       |    10 ||    10
 Cast: Pain              |    40 |    22 ||    62
       Infusion          |     1 |       ||     1
       Vampiric Draining |     1 |     5 ||     6
       Regeneration      |       |     1 ||     1
Evoke: Wand              |     3 |     1 ||     4
  Use: Potion            |       |     8 ||     8
       Scroll            |       |     1 ||     1
  Eat: Chunk             |       |     3 ||     3
Armor: Skin              |    44 |    48 ||    92
Dodge: Dodged            |    47 |    59 ||   106

Table legend:
 A = Spawn XP
 B = Non-spawn XP
 C = Spawn XP percentage of total XP
 D = Spawn monster count
 E = Non-spawn monster count
 F = Spawn count percentage of total count
 G = Total turns spent on level
                    A         B        C        D         E        F      G
               +---------+---------+-------+---------+---------+-------+---------
         Total |      40 |     639 |   5.9 |       4 |      67 |   5.6 |  1611
               +---------+---------+-------+---------+---------+-------+---------
           D:1 |       3 |      50 |   5.7 |       2 |      25 |   7.4 |   433
           D:2 |       5 |     121 |   4.0 |       1 |      23 |   4.2 |   535
           D:3 |       0 |      22 |   0.0 |       0 |       5 |   0.0 |   216
           D:4 |      32 |     236 |  11.9 |       1 |       8 |  11.1 |   182
           D:5 |       0 |     210 |   0.0 |       0 |       6 |   0.0 |   236
               +---------+---------+-------+---------+---------+-------+---------

Table legend:
 A = Turns spent in this place as a percentage of turns spent in the entire game.
 B = Non-inter-level travel turns spent in this place as a percentage of non-inter-level travel turns spent in the entire game.
 C = Inter-level travel turns spent in this place as a percentage of turns spent in this place.
 D = Turns resting spent in this place as a percentage of non-inter-level travel turns spent in this place.
 E = Turns spent auto-exploring this place as a percentage of non-inter-level travel turns spent in this place.
 F = Non-inter-level travel turns spent in this place divided by the number of levels of this place that you've seen.
                   A       B       C       D       E      F
               +-------+-------+-------+-------+-------+----------------------
         Total | 100.0 | 100.0 |   0.0 |   0.0 |   0.0 | 268.5
       Dungeon | 100.0 | 100.0 |   0.0 |   0.0 |   0.0 | 268.5
               +-------+-------+-------+-------+-------+----------------------

Table legend:
 A = Kills in this place as a percentage of kills in entire the game.
 B = Kills by you in this place as a percentage of kills by you in the entire game.
 C = Kills by friends in this place as a percentage of kills by friends in the entire game.
 D = Other kills in this place as a percentage of other kills in the entire game.
 E = Experience gained in this place as a percentage of experience gained in the entire game.
 F = Experience gained in this place divided by the number of levels of this place that you have seen.
                   A       B       C       D       E      F
               +-------+-------+-------+-------+-------+----------------------
         Total | 100.0 | 100.0 |   N/A |   N/A | 100.0 | 113.2
       Dungeon | 100.0 | 100.0 |   N/A |   N/A | 100.0 | 113.2
               +-------+-------+-------+-------+-------+----------------------

Vault maps used:
D:1:      moated_graveyard_arrival, minivault_25
D:2:      chequers_ecumenical_altar_simple_redux, minmay_tromino_v4_c,
          uniq_terence, uniq_jessica
D:3:      bloody_trog, st_stairs_10, uniq_crazy_yiuf_cottage
D:4:      first_bread, kennysheep_generic_room_13
D:5:      black_bear_nest_2, minmay_temple_entry_enclosed_plants,
          vehumet_altar_wand_db, uniq_pikel
D:6:      serial_bayou, serial_bayou_crossing, serial_bayou_ford_a,
          serial_bayou_pond_a, serial_bayou_pond_e
